Map: World of Sleepers LE

Players

printf - Winner!

  • Race: Protoss Protoss
  • Spawn Location: 1:00

GeNieS

  • Race: Protoss Protoss
  • League: Grandmaster
  • Spawn Location: 7:00

VOD

Have the link to the VOD?

Description

Time

  • Played on: Oct. 20, 2019, 2:08 p.m.
  • Length: 3:29
Show
View Real Time Build Order
Export as new Build Order

printf Protoss - Winner!

Build Orders: Cannon Rush 

Get SALT Encoding   

  12  0:01  Probe (Chrono Boost)  
  13  0:10  Probe (Chrono Boost)  
  14  0:17  Pylon  
  15  0:21  Probe  
  15  0:35  Probe  
  15  0:39  Forge  
  17  0:52  Pylon  
  16  0:57  Pylon  
  16  1:15  Gateway  
  16  1:16  Photon Cannon  
  16  1:19  Pylon  
  16  1:30  Photon Cannon  
  16  1:36  Pylon  
  16  1:39  Pylon  
  16  1:44  Pylon  
  16  1:49  Probe  
  17  1:58  Photon Cannon x2  
  17  2:08  Zealot (Chrono Boost)  
  17  2:09  Probe  
  20  2:20  Assimilator  
  21  2:35  Pylon  
  20  2:43  Cybernetics Core  
  21  2:55  Photon Cannon  
  20  2:58  Pylon  
  20  3:15  Probe  
  21  3:21  Pylon x2  
  21  3:25  Pylon  
Show
View Real Time Build Order
Export as new Build Order

GeNieS Protoss 

Build Orders:  

Get SALT Encoding   

  12  0:00  Probe  
  13  0:13  Probe  
  14  0:17  Pylon  
  14  0:25  Probe  
  15  0:35  Gateway  
  15  0:39  Probe  
  16  0:44  Assimilator  
  16  0:51  Probe  
  17  1:03  Probe  
  18  1:16  Probe  
  19  1:20  Zealot (Chrono Boost)  
  21  1:25  Cybernetics Core  
  21  1:49  Nexus  
  21  1:52  Probe  
  22  1:56  Assimilator  
  22  2:04  Pylon  
  22  2:12  Assimilator  
  22  2:17  Assimilator  
  22  2:24  Stargate  
Tags
 
Add a new tag
Caveats
  • Supply blocks, unpowered buildings, or Contaminate may cause inaccurate times.
  • Supply counts are checked every 10 seconds.